 Dungeon Crawl Stone Soup version 0.27-a0-1184-ge86db4a01e (webtiles) character file.

Game seed: 16819339198879967861

59038 robertstho the Tortoise (level 14, 0/135 HPs)
             Began as a Minotaur Berserker on May 18, 2021.
             Was a High Priest of Trog.
             Slain by a yak (1 damage)
             ... while petrified by a basilisk
             ... on level 2 of the Lair of Beasts.
             The game lasted 00:27:40 (19437 turns).

robertstho the Tortoise (Minotaur Berserker)       Turns: 19437, Time: 00:27:41

Health: 0/135      AC: 12    Str: 32    XL:     14   Next: 51%
Magic:  0/13       EV:  2    Int:  5    God:    Trog [*****.]
Gold:   770        SH:  0    Dex: 10    Spells: 13/13 levels left

rFire    . . .     SeeInvis .   K - +3 hand axe (elec)
rCold    + . .     Faith    .   y - +0 kite shield
rNeg     + + +     Spirit   +   z - +0 plate armour
rPois    ∞         Reflect  .   (helmet restricted)
rElec    +         Harm     .   W - scarf {repulsion}
rCorr    .         Rampage  .   e - +0 pair of gloves
Will     +....                  V - +0 pair of boots "Iqan" {*Corrode rElec rPois Regen+}
Stlth    ..........             J - brooch of Shielding {Spirit SH+8}
HPRegen  1.32/turn              N - +6 ring of strength
MPRegen  0.13/turn              Y - ring of protection from cold

@: petrified, corroded, repel missiles
A: horns 2, retaliatory headbutt
a: Renounce Religion, Berserk, Trog's Hand, Brothers in Arms


You were on level 2 of the Lair of Beasts.
You worshipped Trog.
Trog was extremely pleased with you.
You visited 3 branches of the dungeon, and saw 18 of its levels.
You also visited: Ossuary.

You collected 1413 gold pieces.
You spent 643 gold pieces at shops.

Inventory:

Hand Weapons
 H - a +8 battleaxe
 K - a +3 hand axe of electrocution (weapon)
 M - a +1 war axe of holy wrath
 T - a +0 scimitar of flaming
 X - a +4 broad axe
Armour
 e - a +0 pair of gloves (worn)
 y - a +0 kite shield (worn)
 z - a +0 plate armour (worn)
 V - the +0 pair of boots "Iqan" (worn) {*Corrode rElec rPois Regen+}
   (You bought it in a shop on level 2 of the Orcish Mines)

   It insulates you from electricity.
   It protects you from poison.
   It increases your rate of health regeneration.
   It may corrode you when you take damage.
 W - a scarf of repulsion (worn)
Jewellery
 J - the brooch of Shielding (around neck) {Spirit SH+8}
   (You found it on level 9 of the Dungeon)

   [amulet of guardian spirit]

   It causes incoming damage to be divided between your reserves of health and
   magic.
   It affects your SH (+8).
 N - a +6 ring of strength (left hand)
 R - a ring of ice
 Y - a ring of protection from cold (right hand)
 Z - an amulet of the acrobat
Wands
 b - a wand of iceblast (29)
 F - a wand of digging (2)
 I - a wand of paralysis (8)
Scrolls
 a - 3 scrolls of vulnerability {unknown}
 f - 4 scrolls of teleportation
 h - 3 scrolls of fog {unknown}
 i - a scroll of summoning
 m - 2 scrolls of blinking
 n - 5 scrolls of fear {unknown}
 o - 3 scrolls of torment {unknown}
 p - 3 scrolls of enchant weapon {unknown}
 r - 3 scrolls of enchant armour
 u - 3 scrolls of amnesia {unknown}
 v - 2 scrolls of brand weapon {unknown}
 x - 2 scrolls of acquirement {unknown}
 B - 2 scrolls of holy word
 E - 3 scrolls of silence
 G - a scroll of magic mapping {unknown}
 L - a scroll of immolation
Potions
 c - 2 potions of invisibility
 d - 6 potions of haste
 g - 2 potions of heal wounds
 k - 5 potions of curing
 l - 2 potions of might
 q - 2 potions of flight
 C - a potion of mutation
 D - 2 potions of cancellation
 Q - 8 potions of ambrosia
 U - a potion of attraction
Miscellaneous
 P - a condenser vane
 S - a tin of tremorstones (2/2)


   Skills:
 * Level 15.5 Fighting
 + Level 1.8 Long Blades
 + Level 14.4(14.7) Axes
 + Level 5.3(10.9) Maces & Flails
 * Level 16.2 Armour
 + Level 3.9 Dodging
 + Level 12.6 Shields
 + Level 0.2 Evocations


You had 13 spell levels left.
You didn't know any spells.
Your spell library was empty.

Dungeon Overview and Level Annotations

Branches:
Dungeon (14/15)            Temple (0/1) D:5            Lair (2/6) D:11
    Orc (2/2) D:9             Elf (0/3) Orc:2        Vaults (0/5) D:14
Ossuary (visited)
  Swamp: Lair:2-4    Shoals: Lair:2-4     Snake: Lair:2-4    Spider: Lair:2-4

Altars:
Cheibriados
Hepliaklqana
Makhleb
Yredelemnul
Zin
The Shining One
Beogh

Shops:
D:12 *   Orc:2 [*((

Annotations:
Orc:2 2 transporters, jasper's ghost, journeyman DsWn


Innate Abilities, Weirdness & Mutations

You have a pair of horns on your head.
You reflexively headbutt those who attack you in melee.


Message History

* * * LOW HITPOINT WARNING * * *
The water moccasin bites you.
* * * LOW HITPOINT WARNING * * *
The seven-headed hydra bites you!
* * * LOW HITPOINT WARNING * * *
The seven-headed hydra bites you but does no damage.
The seven-headed hydra bites you.
* * * LOW HITPOINT WARNING * * *
The seven-headed hydra bites you!
* * * LOW HITPOINT WARNING * * *
The seven-headed hydra bites you.
* * * LOW HITPOINT WARNING * * *
The seven-headed hydra barely misses you.
The seven-headed hydra completely misses you.
The wyvern bites you but does no damage.
The basilisk gazes at you.
You easily resist.
The yak gores you!
* * * LOW HITPOINT WARNING * * *
The yak completely misses you.
The wyvern bites you but does no damage.
The wyvern bites you!
* * * LOW HITPOINT WARNING * * *
The water moccasin bites you.
* * * LOW HITPOINT WARNING * * *
The yak gores you!
* * * LOW HITPOINT WARNING * * *
The seven-headed hydra barely misses you.
The seven-headed hydra bites you!
* * * LOW HITPOINT WARNING * * *
The seven-headed hydra bites you but does no damage. x3
The seven-headed hydra bites you!
* * * LOW HITPOINT WARNING * * *
The seven-headed hydra bites you.
* * * LOW HITPOINT WARNING * * *
The yak gores you but does no damage.
The basilisk bites you but does no damage.
The wyvern barely misses you.
The wyvern bites you but does no damage.
The yak gores you.
You die...

.....P......... ....P≈≈≈P
.....P.)...P## #...≈ ≈.≈
...../.†.$...####+##S..≈.D≈≈
.......<†......... #[[.≈≈≈≈l
.....#.....P..... #..♣≈≈≈≈≈
... +.....#.#+.+# #...S.≈ ≈
. ..........#...#.#...♣≈≈≈≈
.P##.......YDS.....<..≈≈≈≈.
.........l@lS......Yl.≈..
?.........YYl.........P♣≈.
........................♣
......................l...
......................
...................?..
##..#...#.#.......#..#
...##.P#..#...


You could see a seven-headed hydra, 3 yaks, a basilisk, 2 water moccasins and 2
wyverns.

Vanquished Creatures
  Jorgrun (Orc:1)
  An ironbound preserver (D:14)
  Josephine (Orc:1)
  Snorg (D:14)
  A catoblepas (D:14)
  5 centaur warriors
  7 hydras
  5 two-headed ogres
  A tengu warrior (D:12)
  5 death yaks (Lair:2)
  Urug (Lair:1)
  A deep troll (Orc:2)
  Pikel (D:5)
  19 slime creatures
  2 manticores
  8 ugly things
  9 cyclopes
  A centaur zombie (D:11)
  Maurice (D:8)
  An unseen horror (D:10)
  A gargoyle (D:13)
  2 cane toads (Lair:1)
  Maggie (D:9)
  A kobold demonologist (D:12)
  2 komodo dragons
  A yaktaur (shapeshifter) (D:14)
  An efreet (D:13)
  A tengu conjurer (D:14)
  A queen bee (D:11)
  7 trolls
  A meliai (D:13)
  Prince Ribbit (D:9)
  10 blink frogs (Lair:1)
  A spriggan (shapeshifter) (D:14)
  6 wraiths
  3 shadows
  A human (shapeshifter) (D:13)
  19 yaks
  Grum (D:8)
  3 vampire mosquitoes
  A steam dragon (D:9)
  A warg (Orc:1)
  3 acid dragons
  3 water moccasins
  14 orc warriors
  2 ice beasts
  2 sky beasts
  19 ogres
  3 necrophages
  3 wolves (D:8)
  9 centaurs
  3 lemures (D:5)
  A kobold brigand (D:8)
  Blork the orc (D:5)
  2 scorpions
  3 bullfrogs
  2 gnoll sergeants
  2 water moccasin zombies (Ossuary)
  A water moccasin skeleton (D:5)
  14 killer bees (D:11)
  4 wights (D:10)
  6 howler monkeys
  An electric eel (D:13)
  A crimson imp (D:6)
  A centaur skeleton (D:7)
  5 orc priests
  2 jellies (D:6)
  3 hounds
  Terence (D:2)
  16 orc wizards
  3 iguanas
  2 mummies (Ossuary)
  2 hound skeletons (D:4)
  11 gnolls
  8 adders
  2 shadow imps
  A white imp (D:7)
  2 adder skeletons (D:4)
  6 adder zombies (Ossuary)
  3 worms
  A dart slug (D:4)
  38 orcs
  5 bats
  4 endoplasms
  2 giant cockroaches (D:3)
  8 gnoll zombies (Ossuary)
  7 goblins
  5 hobgoblins
  10 jackals
  13 kobolds
  5 quokkas
  8 ball pythons
  4 frilled lizards
  4 hobgoblin zombies (Ossuary)
  6 kobold zombies (Ossuary)
  3 orc zombies (Ossuary)
  4 rats
  A spectral orc (D:7)
433 creatures vanquished.

Vanquished Creatures (collateral kills)
  2 hydras
  2 ogre magi (Orc:2)
  5 two-headed ogres (Orc:2)
  A tengu warrior (D:14)
  A deep troll (Orc:2)
  A deep elf pyromancer (D:14)
  A cyclops (D:14)
  A cane toad (Lair:1)
  6 trolls (Orc:2)
  5 ogres (Orc:2)
  5 killer bees (D:11)
30 creatures vanquished.

Vanquished Creatures (others)
  A wight (D:10)
  A plant (Lair:1)
2 creatures vanquished.

Grand Total: 465 creatures vanquished

Notes
Turn   | Place    | Note
-------+----------+-------------------------------------------
     0 | D:1      | robertstho the Minotaur Berserker began the quest for the
                  | Orb.
     0 | D:1      | Reached XP level 1. HP: 19/19 MP: 0/0
   243 | D:1      | Reached XP level 2. HP: 27/27 MP: 1/1
   700 | D:2      | Noticed Terence
   707 | D:2      | Killed Terence
   708 | D:2      | Reached XP level 3. HP: 34/34 MP: 2/2
   830 | D:2      | Reached skill level 3 in Armour
  1116 | D:2      | Found a faded altar of an unknown god.
  1379 | D:2      | Reached skill level 5 in Fighting
  1379 | D:2      | Reached XP level 4. HP: 42/42 MP: 3/3
  1653 | D:2      | Reached ** piety under Trog
  2326 | D:3      | Reached XP level 5. HP: 48/48 MP: 4/4
  2371 | D:3      | Found a glowing silver altar of Zin.
  2700 | D:4      | Reached skill level 5 in Axes
  2775 | D:4      | Noticed a necrophage
  2787 | D:4      | Killed a necrophage
  2788 | D:4      | Reached XP level 6. HP: 57/57 MP: 5/5
  2824 | D:4      | Reached skill level 4 in Armour
  3277 | D:5      | Entered Level 5 of the Dungeon
  3287 | D:5      | Found a staircase to the Ecumenical Temple.
  3306 | D:5      | Noticed an ice beast
  3314 | D:5      | Killed an ice beast
  3315 | D:5      | Reached skill level 5 in Armour
  3315 | D:5      | Reached XP level 7. HP: 38/64 MP: 6/6
  3453 | D:5      | Noticed Blork the orc
  3464 | D:5      | Killed Blork the orc
  3464 | D:5      | Reached *** piety under Trog
  3650 | D:5      | Reached skill level 6 in Armour
  3823 | D:5      | Reached XP level 8. HP: 65/73 MP: 7/7
  4148 | D:5      | Noticed Pikel
  4153 | D:5      | Reached skill level 7 in Armour
  4160 | D:5      | Killed Pikel
  4161 | D:5      | Reached skill level 8 in Armour
  4161 | D:5      | Reached skill level 1 in Shields
  4490 | D:5      | Found a glowing golden altar of the Shining One.
  4742 | D:6      | Found a burning altar of Makhleb.
  4900 | D:6      | Reached XP level 9. HP: 66/82 MP: 8/8
  6008 | D:7      | Reached skill level 9 in Armour
  6704 | D:7      | Found a basalt altar of Yredelemnul.
  7086 | D:8      | Found a sand-covered staircase.
  7092 | Ossuary  | Entered an ossuary
  7182 | Ossuary  | Reached **** piety under Trog
  7418 | D:8      | Noticed Grum
  7426 | D:8      | Killed Grum
  7692 | D:8      | Reached skill level 10 in Axes
  7692 | D:8      | Reached skill level 10 in Armour
  8047 | D:8      | Noticed Maurice
  8070 | D:8      | Killed Maurice
  8071 | D:8      | Reached XP level 10. HP: 93/93 MP: 9/9
  8149 | D:9      | Noticed Maggie
  8170 | D:9      | Killed Maggie
  8171 | D:9      | Reached skill level 10 in Fighting
  8510 | D:9      | Found a staircase to the Orcish Mines.
  8688 | D:9      | Found the brooch of Shielding {Spirit SH+8}
  9375 | D:9      | Noticed Prince Ribbit
  9384 | D:9      | Killed Prince Ribbit
  9553 | D:9      | Reached skill level 11 in Armour
  9815 | D:10     | Entered Level 10 of the Dungeon
  9880 | D:10     | Found a hazy altar of Hepliaklqana.
 10005 | D:10     | Found a snail-covered altar of Cheibriados.
 10321 | D:10     | Reached skill level 5 in Shields
 11048 | D:11     | Noticed a six-headed hydra
 11058 | D:11     | Killed a six-headed hydra
 11059 | D:11     | Reached XP level 11. HP: 102/102 MP: 7/10
 11132 | D:11     | Noticed a two-headed ogre
 11140 | D:11     | Killed a two-headed ogre
 11141 | D:11     | Reached skill level 1 in Maces & Flails
 11141 | D:11     | Reached skill level 12 in Armour
 11419 | D:11     | Found a staircase to the Lair.
 11424 | D:11     | Noticed a six-headed hydra
 11425 | D:11     | Noticed a six-headed hydra
 11432 | D:11     | Killed a six-headed hydra
 11434 | D:11     | Killed a six-headed hydra
 11558 | D:11     | Noticed an eight-headed hydra
 11560 | D:11     | Noticed a two-headed ogre
 11560 | D:11     | Noticed a centaur warrior
 11560 | D:11     | Noticed a six-headed hydra
 11571 | D:11     | Killed a 12-headed hydra
 11878 | D:11     | Reached skill level 13 in Armour
 12653 | D:12     | Found Heofez's Assorted Antiques.
 12667 | D:12     | Bought a fuming white potion for 26 gold pieces
 12667 | D:12     | Bought a red potion for 26 gold pieces
 12667 | D:12     | Bought a scroll labelled ZOUFUD DUOFU for 29 gold pieces
 12928 | D:12     | Noticed a tengu warrior
 12933 | D:12     | Reached XP level 12. HP: 85/113 MP: 7/11
 12939 | D:12     | Killed a tengu warrior
 13057 | D:12     | Noticed a five-headed hydra
 13064 | D:12     | Killed a five-headed hydra
 13655 | D:12     | Reached ***** piety under Trog
 13973 | D:13     | Noticed a centaur warrior
 13980 | D:13     | Killed a centaur warrior
 13981 | D:13     | Reached skill level 14 in Armour
 14212 | D:13     | Noticed a centaur warrior
 14219 | D:13     | Killed a centaur warrior
 14377 | D:13     | Noticed a two-headed ogre
 14385 | D:13     | Killed a two-headed ogre
 15082 | D:14     | Noticed a catoblepas
 15095 | D:14     | Killed a catoblepas
 15174 | D:14     | Found a gate to the Vaults.
 15174 | D:14     | Noticed an ironbound preserver
 15174 | D:14     | Noticed an eight-headed hydra
 15185 | D:14     | Killed an eight-headed hydra
 15193 | D:14     | Killed an ironbound preserver
 15196 | D:14     | Noticed a centaur warrior
 15197 | D:14     | Reached XP level 13. HP: 38/122 MP: 4/12
 15466 | D:14     | Reached skill level 10 in Shields
 15546 | D:14     | Reached skill level 15 in Armour
 15701 | D:14     | Noticed Snorg
 15713 | D:14     | Killed Snorg
 16021 | D:14     | Reached skill level 5 in Maces & Flails
 16751 | Orc:1    | Entered Level 1 of the Orcish Mines
 16751 | Orc:1    | Noticed Josephine
 16755 | Orc:1    | Killed Josephine
 16879 | Orc:2    | Entered Level 2 of the Orcish Mines
 16947 | Orc:2    | Found a staircase to the Elven Halls.
 16947 | Orc:2    | Found Diad's Antique Weapon Shop.
 16958 | Orc:2    | Received a gift from Trog
 16983 | Orc:2    | Reached XP level 14. HP: 43/133 MP: 7/13
 17278 | Orc:2    | Found Laifah's Antique Weapon Boutique.
 17285 | Orc:2    | Found Sotuo's Assorted Antiques.
 17293 | Orc:2    | Found Inlel's Armour Shop.
 17297 | Orc:2    | Bought a twisted bone wand for 92 gold pieces
 17297 | Orc:2    | Bought 2 scrolls labelled MIMEKHONOL for 46 gold pieces
 17297 | Orc:2    | Bought a scroll labelled PAEPLO IRPHYIR MAN for 23 gold
                  | pieces
 17297 | Orc:2    | Bought a scroll labelled PAEPLO IRPHYIR MAN for 23 gold
                  | pieces
 17302 | Orc:2    | Bought the +0 pair of boots "Iqan" {*Corrode rElec rPois
                  | Regen+} for 222 gold pieces
 17302 | Orc:2    | Bought a scarf of repulsion for 156 gold pieces
 17341 | Orc:2    | Found a transporter.
 17342 | Orc:2    | Noticed jasper's ghost (journeyman DsWn)
 17343 | Orc:2    | Identified the +5 great mace "Inuaz" {flame, rF+ Dex+2}
 17345 | Orc:2    | Found a transporter.
 17916 | Orc:1    | Noticed Jorgrun
 17928 | Orc:1    | Killed Jorgrun
 17929 | Orc:1    | Reached skill level 15 in Fighting
 18563 | Lair:1   | Entered Level 1 of the Lair of Beasts
 18854 | Lair:1   | Reached skill level 16 in Armour
 19004 | Lair:1   | Noticed Urug
 19017 | Lair:1   | Killed Urug
 19367 | Lair:2   | Reached skill level 1 in Long Blades
 19437 | Lair:2   | HP: 6/135 [seven-headed hydra (3)]
 19437 | Lair:2   | HP: 2/135 [seven-headed hydra (4)]
 19437 | Lair:2   | Slain by a yak

Illustrated notes

Levels and vault maps discovered:
D:1:      heliophobic_arrival_glass_houses, layout_rooms, minmay_strange_pillars
D:2:      minmay_chambers_of_ones, layout_basic,
          ebering_ecumenical_altar_abandoned, uniq_terence
D:3:      layout_rooms, lemuel_crystal_altar
D:4:      layout_rooms, st_stairs_8
D:5:      layout_loops_corners, kennysheep_mini, temple_pool_b, uniq_pikel,
          uniq_blork_the_orc
D:6:      layout_basic, makhleb_grotto_becter, serial_co_window_serial,
          co_window_paths_a, co_window_paths_b, co_window_of_opportunity_a,
          co_window_of_opportunity_a, co_window_corner_a, co_window_corner_a,
          co_window_paths_a, co_window_broadway_a, co_window_broadway_a,
          co_window_unsneaky_path_d, co_window_corner_ca, glass_columns_b,
          glass_columns_a, glass_columns_a
D:7:      layout_basic, yredelemnul_forgotten_temple_becter
D:8:      layout_rooms, nicolae_ossuary_entry_plus, minivault_21, uniq_maurice,
          uniq_grum
D:9:      layout_basic, orc_0_dummy, uniq_prince_ribbit1, uniq_maggie
D:10:     layout_long_grid, lemuel_doored_altar, cheibriados_altar_1,
          amcnicky_mini_rare_corridor_liquid
D:11:     layout_small_grid, lair_entry_dummy, special_room [special_room_bee]
D:12:     minmay_inner_zag, layout_stronghold, serial_shops,
          nicolae_shop_waterfront
D:13:     layout_basic, serial_corexii_hall, corexii_hall_statues_l,
          corexii_hall_statues_x, chequers_hall_statues_wall_a,
          chequers_hall_statues_y, chequers_hall_statues_wall_a,
          corexii_hall_statues_deadend, minmay_diced_spiral
D:14:     layout_roguey, skrybe_vaults_entry_preservation, uniq_snorg
Lair:1:   layout_misc_corridors, grunt_megastairs_4, uniq_urug
Lair:2:   layout_regular_city, shoals_dummy_entry, serial_bayou_pond_b
Orc:1:    layout_caves, basic_altar, mines1_david, uniq_josephine, uniq_jorgrun
Orc:2:    st_orc_open, layout_diamond_mine, gammafunk_ghost_smash, basic_altar,
          mines2_david

Skill      XL: |  1  2  3  4  5  6  7  8  9 10 11 12 13 14 |
---------------+-------------------------------------------+-----
Fighting       | 4 5 6 7 8 9 11 12 13 14 15 | 15.5
Axes           | 4 5 6 7 8 10 11 12 13 14 | 14.4
Armour         | 3 5 6 8 10 11 13 14 15 16 | 16.2
Dodging        | 3 |  3.9
Shields        | 1 4 5 7 9 11 12 | 12.6
Maces & Flails | 2 4 5 |  5.3
Long Blades    | 1 |  1.8
Evocations     | |  0.2

Action                   |  1- 3 |  4- 6 |  7- 9 | 10-12 | 13-15 || total
-------------------------+-------+-------+-------+-------+-------++-------
Melee: Hand axe          |    47 |   147 |   264 |   294 |   343 ||  1095
       Headbutt          |     9 |    22 |    49 |   126 |    81 ||   287
       War axe           |       |       |       |   110 |       ||   110
       Morningstar       |       |       |       |    30 |       ||    30
       Scimitar          |       |       |       |       |    22 ||    22
Invok: Berserk           |     3 |     1 |    10 |    15 |    10 ||    39
       Trog's Hand       |       |       |     2 |       |     1 ||     3
       Brothers in Arms  |       |       |       |     4 |     3 ||     7
Evoke: Wand              |       |       |       |     2 |       ||     2
  Use: Scroll            |       |       |     6 |     6 |     5 ||    17
       Potion            |       |       |       |     3 |       ||     3
 Stab: Invisible         |       |       |       |     1 |       ||     1
Armor: Animal skin       |     8 |     4 |       |       |       ||    12
       Chain mail        |       |    53 |    14 |       |       ||    67
       Plate armour      |       |       |   127 |   287 |   147 ||   561
Dodge: Dodged            |    30 |    55 |    69 |   108 |    63 ||   325
Block: Kite shield       |       |       |   107 |   370 |   328 ||   805

Table legend: (Time is in decaauts)
 A = Elapsed time spent in this place.
 B = Non-inter-level travel time spent in this place.
 C = Inter-level travel time spent in this place.
 D = Time resting spent in this place.
 E = Time spent auto-exploring this place.
 F = Levels seen in this place.
 G = Mean time per level.
                   A        B        C        D        E       F      G
               +--------+--------+--------+--------+--------+-----+--------+
         Total |  19710 |  18672 |   1038 |   1890 |  13876 |  19 | 1037.4 |
       Dungeon |  16900 |  16117 |    783 |   1506 |  12348 |  14 | 1207.1 |
          Lair |    879 |    818 |     61 |     47 |    549 |   2 |  439.5 |
  Orcish Mines |   1735 |   1541 |    194 |    337 |    919 |   2 |  867.5 |
       Ossuary |    195 |    195 |      0 |      0 |     60 |   1 |  195.0 |
               +--------+--------+--------+--------+--------+-----+--------+

Top non-repeatable levels by time:
    D:11: 1665 daAuts
    D:14: 1602 daAuts
     D:9: 1459 daAuts
     D:2: 1336 daAuts
     D:5: 1335 daAuts
    D:12: 1304 daAuts
    D:10: 1292 daAuts
     D:7: 1244 daAuts
     D:6: 1233 daAuts
     D:8: 1231 daAuts
    D:13: 1203 daAuts
   Orc:2: 1175 daAuts
  Lair:1: 856 daAuts
     D:1: 794 daAuts
     D:3: 601 daAuts
